 Dungeon Crawl Stone Soup version 0.23-a0-386-g9c9d49f (webtiles) character file.

541933 rabbit the Slayer (level 26, -9/189 HPs)
             Began as a Gargoyle Fighter on Oct 19, 2018.
             Was the Champion of Okawaru.
             Splashed with acid (52 damage)
             ... on level 1 of the Pits of Slime on Oct 28, 2018.
             The game lasted 06:33:28 (90957 turns).

rabbit the Slayer (Gargoyle Fighter)               Turns: 90957, Time: 06:33:29

Health: -9/189     AC: 36    Str: 31    XL:     26   Next: 57%
Magic:  19/27      EV: 17    Int: 19    God:    Okawaru [******]
Gold:   5622       SH: 20    Dex:  7    Spells: 29/30 levels left

rFire    + + +     SeeInvis +   a - +4 demon whip (freeze)
rCold    x . .     Gourm    .   P - +2 shield
rNeg     + + .     Faith    .   F - quicksilver dragon scales
rPois    ∞         Spirit   .   U - +0 helmet {SInv}
rElec    +         Reflect  +   t - +2 cloak "Ofangodo" {+Fly rN+ SInv}
rCorr    .         Harm     .   H - +0 pair of gloves of Laran {rElec rF++ Dex-2 Slay+4}
MR       +++++     Rnd*Tele +   g - +0 pair of boots of Death Resistance {rPois MP+9 Int+4}
Stlth    +.........             S - amulet "Venloubb" {Reflect rF+ MP-9 Str+3 SH+3}
HPRegen  0.41/turn              C - ring of the Harvest {Fire MR+++ Int+4}
MPRegen  0.20/turn              E - +4 ring of slaying

@: corroded
A: big wings, deterioration 2, low mp 1, negative energy resistance 1,
electricity resistance, teleportitis 1, weak 1, unbreathing, petrification
resistance, rot immunity, subdued magic 1, AC +20
}: 2/15 runes: serpentine, barnacled
a: Fly, Heroism, Finesse, Renounce Religion, Evoke Flight


You were on level 1 of the Pits of Slime.
You worshipped Okawaru.
Okawaru was exalted by your worship.
You were hungry.

You visited 10 branches of the dungeon, and saw 44 of its levels.
You visited the Abyss 1 time.

You collected 8725 gold pieces.
You spent 3103 gold pieces at shops.

Inventory:

Hand Weapons
 a - a +4 demon whip of freezing (weapon)
 b - the +10 hand crossbow of the Magic Mushroom {elec, Str+3 SInv}
   (You found it on level 3 of the Elven Halls)

   It charges the ammunition it shoots with electricity; occasionally upon a
   hit, such missiles may discharge and cause terrible harm.
   It affects your strength (+3).
   It lets you see invisible.
Missiles
 B - 1353 bolts
Armour
 g - the +0 pair of boots of Death Resistance (worn) {rPois MP+9 Int+4}
   (Okawaru gifted it to you on level 1 of the Depths)

   It affects your intelligence (+4).
   It protects you from poison.
   It affects your magic capacity (+9).
 j - +7 pearl dragon scales
 n - a +1 helmet
 t - the +2 cloak "Ofangodo" (worn) {+Fly rN+ SInv}
   (Okawaru gifted it to you on level 6 of the Lair of Beasts)

   It protects you from negative energy.
   It lets you see invisible.
   It lets you fly.
 F - quicksilver dragon scales (worn)
 H - the +0 pair of gloves of Laran (worn) {rElec rF++ Dex-2 Slay+4}
   (Okawaru gifted it to you on level 6 of the Lair of Beasts)

   It affects your dexterity (-2).
   It affects your accuracy and damage with ranged weapons and melee attacks
   (+4).
   It greatly protects you from fire.
   It insulates you from electricity.
 N - the +10 plate armour "Subet" {rF++}
   (Okawaru gifted it to you on level 2 of the Depths)

   It greatly protects you from fire.
 P - a +2 shield (worn)
 U - a +0 helmet of see invisible (worn)
 X - a +1 cloak of magic resistance
Jewellery
 h - an uncursed ring of ice
 C - the ring of the Harvest (left hand) {Fire MR+++ Int+4}
   (You found it on level 1 of the Depths)

   [ring of fire]

   It enhances your fire magic.
   It affects your intelligence (+4).
   It protects you from fire.
   It makes you vulnerable to cold.
   It affects your resistance to hostile enchantments.
 E - a +4 ring of slaying (right hand)
 K - an uncursed ring of protection from cold
 L - an uncursed ring of protection from cold
 S - the amulet "Venloubb" (around neck) {Reflect rF+ MP-9 Str+3 SH+3}
   (You acquired it on level 1 of the Depths)

   [amulet of reflection]

   It shields you and reflects attacks.
   It affects your strength (+3).
   It protects you from fire.
   It affects your magic capacity (-9).
   It affects your SH (+3).
Wands
 i - a wand of scattershot (13)
 l - a wand of disintegration (37)
 m - a wand of iceblast (19)
 s - a wand of polymorph (73)
 u - a wand of digging (89)
 J - a wand of acid (15)
 M - a wand of paralysis (23)
 O - a wand of clouds (8)
 Q - a wand of flame (134)
Scrolls
 c - a scroll of holy word
 e - 5 scrolls of fog
 k - 15 scrolls of blinking
 o - 10 scrolls of identify
 p - 5 scrolls of amnesia
 q - 13 scrolls of teleportation
 A - 5 scrolls of remove curse
 D - 6 scrolls of magic mapping
 R - 4 scrolls of fear
 Y - a scroll of summoning
Potions
 d - 7 potions of might
 r - 5 potions of haste
 v - 15 potions of curing
 w - 3 potions of flight {unknown}
 x - 2 potions of invisibility
 z - 2 potions of resistance
 G - 3 potions of heal wounds
 I - 2 potions of magic {unknown}
 T - a potion of cancellation
 V - a potion of ambrosia
 Z - a potion of agility
Comestibles
 f - 41 rations


   Skills:
 * Level 25.8 Fighting
 - Level 16.2 Maces & Flails
 - Level 10.0 Crossbows
 + Level 22.1 Armour
 + Level 15.2 Dodging
 - Level 3.0 Stealth
 + Level 18.3 Shields
 + Level 2.9 Spellcasting
 - Level 9.8 Invocations


You had 29 spell levels left.
You knew the following spells:

 Your Spells              Type           Power        Failure   Level  Hunger
a - Apportation           Tloc           #.....       16%         1    None

Your spell library contained the following spells:

 Spells                   Type           Power        Failure   Level  Hunger
 Animate Skeleton         Necr           N/A          16%         1    None
 Confusing Touch          Hex            #.....       16%         1    None
 Corona                   Hex            #......      16%         1    None
 Magic Dart               Conj           #...         16%         1    None
 Sandblast                Erth           #.....       16%         1    None
 Shock                    Conj/Air       #...         16%         1    None
 Summon Butterflies       Summ           #.......     16%         1    None
 Summon Small Mammal      Summ           #...         16%         1    None
 Call Imp                 Summ           #.......     24%         2    ##.....
 Corpse Rot               Necr           N/A          24%         2    ##.....
 Ensorcelled Hibernation  Hex/Ice        #.....       24%         2    ##.....
 Passwall                 Tmut/Erth      #.......     24%         2    ##.....
 Poisonous Vapours        Pois/Air       #.....       24%         2    ##.....
 Searing Ray              Conj           #.....       24%         2    ##.....
 Slow                     Hex            #.......     24%         2    ##.....
 Swiftness                Chrm/Air       #.......     24%         2    ##.....
 Throw Flame              Conj/Fire      #.....       24%         2    ##.....
 Call Canine Familiar     Summ           #.......     45%         3    ###....
 Confuse                  Hex            #.......     45%         3    ###....
 Conjure Flame            Conj/Fire      #.......     45%         3    ###....
 Dazzling Spray           Conj/Hex       #.....       45%         3    ###....
 Ignite Poison            Fire/Tmut/Pois #.......     45%         3    ###....
 Inner Flame              Hex/Fire       #.......     45%         3    ###....
 Mephitic Cloud           Conj/Pois/Air  #.......     45%         3    ###....
 Portal Projectile        Hex/Tloc       #.....       45%         3    ###....
 Recall                   Summ/Tloc      N/A          45%         3    ###....
 Static Discharge         Conj/Air       #.......     45%         3    ###....
 Stone Arrow              Conj/Erth      #.....       45%         3    ###....
 Summon Guardian Golem    Hex/Summ       #.......     45%         3    ###....
 Tukima's Dance           Hex            #.......     45%         3    ###....
 Airstrike                Air            #.........   86%         4    ####...
 Animate Dead             Necr           N/A          86%         4    ####...
 Cause Fear               Hex            #.........   86%         4    ####...
 Force Lance              Conj/Tloc      #.......     86%         4    ####...
 Fulminant Prism          Conj/Hex       #.........   86%         4    ####...
 Iskenderun's Mystic Bla  Conj           #.......     86%         4    ####...
 Leda's Liquefaction      Hex/Erth       #.........   86%         4    ####...
 Passage of Golubria      Tloc           N/A          86%         4    ####...
 Petrify                  Tmut/Erth      #.......     86%         4    ####...
 Summon Ice Beast         Ice/Summ       #.......     86%         4    ####...
 Summon Lightning Spire   Summ/Air       #.......     86%         4    ####...
 Alistair's Intoxication  Tmut/Pois      #.......     99%         5    ######.
 Aura of Abjuration       Summ           #.........   99%         5    ######.
 Bolt of Magma            Conj/Fire/Erth #.........   99%         5    ######.
 Borgnjor's Vile Clutch   Necr/Erth      #.........   99%         5    ######.
 Fireball                 Conj/Fire      #.........   99%         5    ######.
 Irradiate                Conj/Tmut      #.........   99%         5    ######.
 Lee's Rapid Deconstruct  Erth           #.........   99%         5    ######.
 Lightning Bolt           Conj/Air       #.........   99%         5    ######.
 Silence                  Hex/Air        #.........   99%         5    ######.
 Summon Demon             Summ           #.........   99%         5    ######.
 Summon Forest            Summ/Tloc      #.........   99%         5    ######.
 Summon Mana Viper        Hex/Summ       #.......     99%         5    ######.
 Darkness                 Hex            #.........   100%        6    #######
 Freezing Cloud           Conj/Ice/Air   #.........   100%        6    #######
 Invisibility             Hex            #.......     100%        6    #######
 Shadow Creatures         Summ           N/A          100%        6    #######
 Haunt                    Necr/Summ      #.........   100%        7    #######
 Ring of Flames           Chrm/Fire      #.........   100%        7    #######
 Summon Hydra             Summ           #.........   100%        7    #######
 Borgnjor's Revivificati  Necr           #.........   100%        8    #######
 Death's Door             Chrm/Necr      #.........   100%        8    #######
 Disjunction              Tloc           #.........   100%        8    #######
 Ignition                 Fire           #.........   100%        8    #######
 Infestation              Necr           #.........   100%        8    #######
 Necromutation            Tmut/Necr      #.........   100%        8    #######
 Sublimation of Blood     Necr           Unusable     N/A         2    N/A

Dungeon Overview and Level Annotations

Branches:
Dungeon (15/15)            Temple (1/1) D:7            Lair (6/6) D:10
 Shoals (4/4) Lair:4        Snake (4/4) Lair:3        Slime (1/5) Lair:6
    Orc (2/2) D:10            Elf (3/3) Orc:2        Vaults (4/5) D:14
  Crypt (0/3) Vaults:3     Depths (4/5) D:15

Altars:
Ashenzari
Cheibriados
Dithmenos
Elyvilon
Fedhas
Gozag
Hepliaklqana
Kikubaaqudgha
Makhleb
Nemelex Xobeh
Okawaru
Qazlal
Ru
Sif Muna
Trog
Uskayaw
Vehumet
Wu Jian
Yredelemnul
Zin
The Shining One
Beogh
Jiyva

Shops:
D:9 !   D:14 }   Orc:1 *   Orc:2 }}[(   Elf:2 :   Elf:3 *   Shoals:3 ?
Vaults:1 ?[*   Depths:2 *[!%

Portals:
Hell: Depths:1 Depths:2 Depths:3 Depths:4
Abyss: Depths:2 Depths:3 Depths:4
Pandemonium: Depths:2 Depths:3 Depths:4

Annotations:
D:1 need fly
D:12 3 runed doors, namelastname112's ghost, journeyman DrSk
Lair:5 exclusion: 3 oklob plants
Orc:1 3 runed doors, Ykaim's ghost, journeyman MiFi
Vaults:4 3 runed doors, exclusion: obsidian statue, Woonno's ghost, legendary MfIE
Depths:1 1 runed door


Innate Abilities, Weirdness & Mutations

You are resistant to torment.
Your stone body is resilient. (AC +20)
You are immune to poison.
Your large and strong wings let you fly indefinitely.
You resist negative energy. (rN+)
You are resistant to electric shocks. (rElec)
You can survive without breathing.
You are immune to petrification.
You are immune to rotting.
Your body often deteriorates upon taking damage.
Your magical capacity is low. (-10% MP)
You are occasionally teleported next to monsters.
You are weak. (Str -2)
Your spells are a little easier to cast, but a little less powerful.


Message History

* * * LOW HITPOINT WARNING * * *
The acid blob spits acid at you. The splash of acid hits you!
The acid corrodes you!
You are splashed with acid!
The acid burns!
* * * LOW HITPOINT WARNING * * *
As you read the scroll of teleportation, it crumbles to dust.
You feel strangely unstable. The acid blob spits acid at you.
The splash of acid hits you! The acid corrodes you!
You are splashed with acid!
The acid burns!
* * * LOW HITPOINT WARNING * * *
The acid blob spits acid at you. The splash of acid hits you!
The acid corrodes you!
You are splashed with acid!
The acid burns!
* * * LOW HITPOINT WARNING * * *
The eye of draining gazes at you.
You feel your power leaking away.
Your surroundings suddenly seem different.
You feel much better.
You are splashed with acid!
The walls burn you!
You die...

......#.# .....#..# #
<.....#.#..##. .....#........
#...# ......#....... #.##....#
.....#........ .........
......#...#... ##.......#
.#.#.#...## .. ### ##.#......###
#.#.#.#.... ..#@###...#.......##
............#......#...#........#
.....##....###.#....#............
.....# .....#.####..............#
.....# .# #............#.....###
##...................#
##.....................
#......................
##......#..............


There were no monsters in sight!

Vanquished Creatures
  A juggernaut (Depths:3)
  Frederick (Vaults:2)
  Saint Roka (Depths:3)
  3 caustic shrikes (Depths:3)
  Margery (Vaults:3)
  Xtahua (Vaults:2)
  Jory (Vaults:2)
  The ghost of melvinkitnick the Slayer, an adept MiFi of Okawaru (Vaults:2)
  A tentacled monstrosity (Vaults:4)
  2 deep elf blademasters (Elf:3)
  5 titans
  Asterion (Depths:2)
  4 acid blobs
  2 deep elf master archers (Elf:3)
  Gastronok (Lair:1)
  4 sphinxes
  2 krakens
  4 tengu reavers
  2 shadow dragons
  11 fire giants
  9 nagarajas
  3 azure jellies
  An iron dragon (Depths:3)
  8 deep elf sorcerers
  2 orc warlords (Depths:2)
  11 frost giants
  13 vault wardens
  Louise (Depths:2)
  A reaper (Depths:2)
  20 ironheart preservers
  5 deep elf elementalists (Elf:3)
  A spriggan defender (Depths:3)
  A war gargoyle (Vaults:3)
  34 very ugly things
  21 stone giants
  A juggernaut skeleton (Depths:3)
  7 deep elf demonologists
  Nessos (Lair:6)
  A vampire knight (Depths:4)
  7 deep elf annihilators
  11 spark wasps
  11 deep elf death magi
  15 ettins
  3 merfolk javelineers
  11 fire dragons
  Snorg (D:12)
  3 deep elf high priests
  11 merfolk impalers
  2 green deaths
  18 ogre magi
  Josephine (Orc:2)
  Fannar (Lair:3)
  8 rakshasas
  12 yaktaur captains
  6 great orbs of eyes
  18 naga warriors
  9 ice dragons
  6 hydras
  16 anacondas
  21 vault guards
  2 monstrous demonspawn (Depths:2)
  9 centaur warriors
  3 catoblepae (Lair:6)
  4 spriggan air magi
  A two-headed ogre (shapeshifter) (D:15)
  3 merfolk avatars
  8 death yaks
  3 merfolk aquamancers
  An alligator snapping turtle (Shoals:2)
  65 two-headed ogres
  8 deep troll earth magi
  29 dancing weapons
  11 deep troll shamans
  5 tengu warriors
  3 satyrs
  Urug (Lair:1)
  8 vampire magi
  2 thrashing horrors (Abyss:3)
  12 naga sharpshooters
  A soul eater (Depths:2)
  4 orc high priests
  Sonja (Lair:5)
  9 shock serpents
  10 hell knights
  A wretched star (Abyss:3)
  28 deep elf knights
  7 spriggan berserkers
  A sixfirhy (Depths:3)
  A fire crab (Lair:6)
  3 iron trolls
  A titan skeleton (Depths:3)
  2 flayed ghosts
  3 salamander mystics (Snake:4)
  9 sea snakes
  36 deep trolls
  7 unseen horrors
  A torturous demonspawn (Depths:3)
  5 glowing orange brains
  10 naga ritualists
  19 deep elf archers
  9 wizards
  7 necromancers
  13 harpies
  15 orc knights
  A harpy (shapeshifter) (Elf:2)
  18 ironbrand convokers
  2 mana vipers (shapeshifter)
  11 mana vipers
  59 ugly things
  81 deep elf magi
  A shining eye (Slime:1)
  4 phantasmal warriors
  14 cyclopes
  8 orc sorcerers
  4 salamanders
  6 wolf spiders
  18 fauns
  16 manticores
  A stone giant zombie (Vaults:1)
  Maurice (D:12)
  A guardian serpent (shapeshifter) (Depths:1)
  15 vault sentinels
  2 rust devils
  41 black mambas
  7 water nymphs
  A molten gargoyle (D:15)
  16 elephants
  A gargoyle (D:12)
  An orange demon (Abyss:3)
  11 guardian serpents
  A human skeleton (Vaults:1)
  10 merfolk sirens
  7 spiny frogs
  13 naga magi
  10 komodo dragons
  2 rime drakes
  5 freezing wraiths
  A yaktaur skeleton (Vaults:2)
  2 hellwings
  43 yaktaurs
  An ancient zyme (Abyss:3)
  2 tengu conjurers
  An efreet (D:15)
  2 small abominations
  A queen bee (shapeshifter) (Vaults:4)
  A red devil (Depths:4)
  28 merfolk
  9 trolls
  2 elves (Depths:2)
  7 wind drakes
  A jumping spider (shapeshifter) (Vaults:3)
  A wind drake (shapeshifter) (Depths:2)
  11 snapping turtles
  5 hornets
  25 slime creatures
  17 blink frogs
  A raiju (shapeshifter) (Depths:1)
  9 hippogriffs
  3 vampires
  26 water elementals
  A shadow (D:15)
  A redback (shapeshifter) (Depths:1)
  2 air elementals (Elf:2)
  5 wyverns
  2 large abominations
  2 spriggans
  58 yaks
  A fire elemental (Elf:3)
  3 wraiths (Orc:2)
  3 basilisks
  4 fire bats (D:9)
  17 humans
  A chaos spawn (Depths:3)
  2 neqoxecs
  4 hungry ghosts
  4 vampire mosquitoes (D:15)
  76 nagas
  A warg (shapeshifter) (Depths:3)
  A soldier ant (shapeshifter) (Vaults:3)
  An acid dragon (shapeshifter) (Vaults:1)
  9 wargs
  A spatial vortex (Vaults:4)
  3 acid dragons
  24 water moccasins
  A floating eye (Depths:1)
  A porcupine (shapeshifter) (Vaults:3)
  A hell hound (D:9)
  9 sky beasts
  56 orc warriors
  19 porcupines
  2 black bears
  2 ice beasts
  A black bear (shapeshifter) (Vaults:1)
  2 eyes of draining
  An ogre (shapeshifter) (Depths:1)
  3 phantoms
  38 ogres
  20 wolves
  4 boggarts (Depths:2)
  13 crocodiles
  20 centaurs
  A crocodile (shapeshifter) (Depths:3)
  An elf simulacrum (Vaults:1)
  3 big kobolds
  20 bullfrogs
  2 earth elementals
  2 human zombies
  2 scorpions (D:13)
  10 wights
  2 howler monkeys
  2 lava snakes (D:9)
  5 crimson imps
  A quasit (D:13)
  2 bullfrog zombies
  7 starcursed masses (Abyss:3)
  5 jellies
  23 orc priests
  6 hounds
  4 centaur skeletons
  5 bullfrog skeletons
  Ijyb (D:4)
  Jessica (D:2)
  11 worker ants
  3 iguanas
  39 orc wizards
  2 spectral hounds (Depths:2)
  A hound skeleton (D:5)
  2 worker ant zombies
  Robin (D:3)
  4 gnolls
  10 adders
  9 shadow imps
  A white imp (Abyss:3)
  2 ufetubi (Depths:3)
  2 oozes
  An adder zombie (D:5)
  2 worms
  2 dart slugs
  A leopard gecko (D:7)
  122 orcs
  6 bats
  4 giant cockroaches
  12 goblins
  7 hobgoblins
  2 jackals (D:5)
  24 kobolds
  A quokka (D:4)
  A ball python (Snake:2)
  4 frilled lizards
  A quokka skeleton (D:5)
  5 rats
  4 crawling corpses (Elf:3)
  4 fire vortices
  3 plants
  2 tentacles (Shoals:3)
2169 creatures vanquished.

Vanquished Creatures (others)
  A merfolk javelineer (Depths:2)
  A large abomination (Abyss:3)
  An unseen horror (D:14)
  5 cyclopes
  A water nymph (Shoals:2)
  10 yaktaurs
  A water elemental (Elf:3)
  A centaur (Vaults:1)
  2 orcs
  7 fungi
  42 plants
  4 starspawn tentacles (Abyss:3)
  136 tentacles
212 creatures vanquished.

Grand Total: 2381 creatures vanquished

Notes
Turn   | Place    | Note
-------+----------+-------------------------------------------
     0 | D:1      | rabbit the Gargoyle Fighter began the quest for the Orb.
     0 | D:1      | Reached XP level 1. HP: 14/14 MP: 1/1
   189 | D:2      | Reached XP level 2. HP: 3/19 MP: 2/2
   539 | D:2      | Found a faded altar of an unknown god.
   628 | D:2      | Reached XP level 3. HP: 23/23 MP: 3/3
   801 | D:2      | Noticed Jessica
   805 | D:2      | Killed Jessica
   956 | D:3      | Reached XP level 4. HP: 27/29 MP: 4/4
  1044 | D:3      | Noticed Robin
  1100 | D:3      | Killed Robin
  1100 | D:3      | Reached skill level 4 in Fighting
  1100 | D:3      | Reached XP level 5. HP: 30/33 MP: 5/5
  2146 | D:4      | Noticed a big kobold
  2201 | D:4      | Noticed Ijyb
  2218 | D:4      | Killed Ijyb
  2340 | D:4      | Killed a big kobold
  2340 | D:4      | Reached XP level 6. HP: 37/39 MP: 6/6
  3145 | D:5      | Entered Level 5 of the Dungeon
  3259 | D:5      | HP: 1/39 [orc priest/divine providence (13)]
  3622 | D:5      | Reached skill level 5 in Maces & Flails
  3622 | D:5      | Reached XP level 7. HP: 20/44 MP: 7/7
  3804 | D:5      | Reached skill level 5 in Fighting
  3804 | D:5      | Reached skill level 5 in Armour
  3804 | D:5      | Reached skill level 5 in Shields
  4750 | D:6      | Reached XP level 8. HP: 50/50 MP: 8/8
  5078 | D:7      | Found a staircase to the Ecumenical Temple.
  5089 | Temple   | Entered the Ecumenical Temple
  5197 | Temple   | Became a worshipper of Warmaster Okawaru
  6192 | D:7      | Reached skill level 6 in Fighting
  6284 | D:8      | Found a burning altar of Makhleb.
  7039 | D:8      | Reached * piety under Okawaru
  7039 | D:8      | Reached XP level 9. HP: 56/56 MP: 9/9
  7408 | D:8      | Found an ornate altar of the Wu Jian Council.
  7504 | D:9      | Learned a level 1 spell: Apportation
  7799 | D:9      | Reached skill level 7 in Fighting
  7808 | D:9      | Reached ** piety under Okawaru
  7847 | D:9      | Reached XP level 10. HP: 33/63 MP: 7/10
  8508 | D:9      | Found Sivvic's Distillery.
  8529 | D:9      | Bought a potion of heal wounds for 55 gold pieces
  8561 | D:9      | Reached skill level 8 in Fighting
  8625 | D:9      | Reached *** piety under Okawaru
  8935 | D:9      | Got a crude short sword
  8965 | D:10     | Entered Level 10 of the Dungeon
  9136 | D:10     | Reached skill level 10 in Maces & Flails
  9450 | D:10     | Found a staircase to the Orcish Mines.
  9506 | D:10     | Reached **** piety under Okawaru
  9715 | D:10     | Found a staircase to the Lair.
  9738 | D:10     | Reached XP level 11. HP: 60/69 MP: 11/11
 10373 | D:11     | Reached skill level 9 in Fighting
 10484 | D:11     | Noticed a purple ugly thing
 10503 | D:11     | Killed a purple ugly thing
 10503 | D:11     | Reached ***** piety under Okawaru
 11090 | D:12     | Noticed an unseen horror
 11103 | D:11     | Killed an unseen horror
 11119 | D:11     | Reached skill level 1 in Invocations
 11394 | D:12     | Noticed a manticore
 11404 | D:12     | Killed a manticore
 11655 | D:12     | Noticed a purple ugly thing
 11670 | D:12     | Killed a purple ugly thing
 11698 | D:12     | Noticed a four-headed hydra
 11709 | D:12     | Killed a four-headed hydra
 12060 | D:12     | Noticed Maurice
 12084 | D:12     | Killed Maurice
 12173 | D:12     | Noticed Snorg
 12375 | Lair:1   | Entered Level 1 of the Lair of Beasts
 12401 | D:10     | Reached XP level 12. HP: 58/77 MP: 14/14
 12586 | Lair:1   | Received a gift from Okawaru
 12697 | Lair:1   | Noticed a six-headed hydra
 12710 | Lair:1   | Killed a six-headed hydra
 12710 | Lair:1   | Reached skill level 10 in Fighting
 12710 | Lair:1   | Reached skill level 10 in Armour
 12826 | Lair:1   | Reached skill level 10 in Shields
 13104 | Lair:1   | Noticed Urug
 13120 | Lair:1   | Killed Urug
 13225 | Lair:1   | Noticed Gastronok
 13252 | Lair:1   | Killed Gastronok
 13252 | Lair:1   | Received a gift from Okawaru
 14559 | Lair:2   | Reached skill level 5 in Invocations
 15284 | Lair:3   | Reached XP level 13. HP: 80/83 MP: 17/17
 15333 | Lair:3   | Found a staircase to the Snake Pit.
 15509 | Lair:2   | Reached skill level 1 in Stealth
 15660 | Lair:3   | Noticed Fannar
 15845 | Lair:4   | Reached skill level 11 in Fighting
 16213 | Lair:4   | Found a staircase to the Shoals.
 16236 | Lair:4   | Received a gift from Okawaru
 16663 | Lair:3   | Killed Fannar
 17536 | Lair:5   | Noticed Sonja
 17673 | Lair:5   | Killed Sonja
 17887 | Lair:5   | Received a gift from Okawaru
 17888 | Lair:5   | Got a brightly glowing hunting sling {god gift}
 17900 | Lair:5   | Reached ****** piety under Okawaru
 18037 | Lair:5   | Identified the +1 hunting sling of Pride {flame, SInv}
                  | (Okawaru gifted it to you on level 5 of the Lair of Beasts)
 18460 | Lair:6   | Entered Level 6 of the Lair of Beasts
 18804 | Lair:6   | Noticed Nessos
 18823 | Lair:6   | Gained mutation: Your large and strong wings let you fly
                  | indefinitely. [Gargoyle growth]
 18823 | Lair:6   | Reached XP level 14. HP: 73/90 MP: 16/19
 19246 | Lair:6   | Killed Nessos
 19343 | Lair:6   | Received a gift from Okawaru
 19346 | Lair:6   | Got a shimmering mace {god gift}
 19347 | Lair:6   | Identified the +5 mace "Grim Tooth" {drain, rC+} (Okawaru
                  | gifted it to you on level 6 of the Lair of Beasts)
 19511 | Lair:6   | Reached skill level 12 in Fighting
 20043 | Lair:6   | Received a gift from Okawaru
 20046 | Lair:6   | Got a pair of fine gloves {god gift}
 20057 | Lair:6   | Identified the +0 pair of gloves of Laran {rElec rF++ Dex-2
                  | Slay+4} (Okawaru gifted it to you on level 6 of the Lair of
                  | Beasts)
 20580 | Lair:6   | Found a runed door.
 20581 | Lair:6   | Found a viscous altar of Jiyva.
 20581 | Lair:6   | Noticed an acid blob
 20582 | Lair:6   | Found a staircase to the Slime Pits.
 20582 | Lair:6   | Noticed an acid blob
 20856 | Lair:1   | Identified the +6 short sword of the Vaults {holy, rElec
                  | Int+4} (You found it on level 9 of the Dungeon)
 21100 | D:12     | Killed Snorg
 21214 | D:12     | Found a runed gate.
 21214 | D:12     | Found a runed gate.
 21242 | D:12     | Found a runed gate.
 21265 | D:12     | Noticed namelastname112's ghost (journeyman DrSk)
 22919 | D:14     | Found Roreetih's Gadget Emporium.
 23347 | D:13     | Reached XP level 15. HP: 97/97 MP: 21/21
 23768 | D:14     | Received a gift from Okawaru
 23983 | D:14     | Found a gate to the Vaults.
 24029 | D:14     | Reached skill level 15 in Maces & Flails
 24360 | D:14     | You fall through a shaft!
 24360 | D:15     | Entered Level 15 of the Dungeon
 24775 | D:15     | Reached skill level 13 in Fighting
 24982 | D:15     | Paralysed by an orc sorcerer for 7 turns
 24993 | D:15     | Found a blossoming altar of Fedhas.
 25400 | Orc:1    | Entered Level 1 of the Orcish Mines
 25742 | Orc:1    | Found a runed gate.
 25746 | Orc:1    | Found an opulent altar of Gozag.
 25747 | Orc:1    | Found a runed gate.
 25747 | Orc:1    | Found a runed gate.
 25747 | Orc:1    | Found Wischaj's Assorted Antiques.
 25747 | Orc:1    | Noticed Ykaim's ghost (journeyman MiFi)
 25791 | Orc:1    | Received a gift from Okawaru
 25874 | Orc:1    | Found a roughly hewn altar of Beogh.
 26095 | Orc:2    | Entered Level 2 of the Orcish Mines
 26095 | Orc:2    | Found a staircase to the Elven Halls.
 26095 | Orc:2    | Noticed Josephine
 26430 | Orc:2    | Received a gift from Okawaru
 27592 | Orc:2    | Killed Josephine
 28825 | Orc:2    | Found Pilor's Antique Armour Emporium.
 28825 | Orc:2    | Found Capau's Gadget Shoppe.
 28826 | Orc:2    | Found Viastroy's Gadget Shoppe.
 28829 | Orc:2    | Found Vome's Weapon Emporium.
 29079 | Snake:1  | Entered Level 1 of the Snake Pit
 29453 | Snake:1  | Reached XP level 16. HP: 96/105 MP: 23/23
 30801 | Snake:2  | Received a gift from Okawaru
 30837 | Snake:2  | Reached skill level 14 in Fighting
 31092 | Snake:2  | Noticed a nagaraja
 31400 | Snake:2  | Killed a nagaraja
 32240 | Snake:2  | Received a gift from Okawaru
 32243 | Snake:2  | Got a slimy animal skin {god gift}
 34866 | Snake:3  | Reached skill level 15 in Fighting
 34866 | Snake:3  | Reached skill level 15 in Armour
 35329 | Snake:3  | Reached XP level 17. HP: 84/113 MP: 19/24
 35992 | Snake:4  | Entered Level 4 of the Snake Pit
 36018 | Snake:4  | Found a snail-covered altar of Cheibriados.
 36165 | Snake:4  | Received a gift from Okawaru
 38614 | Snake:4  | Reached skill level 16 in Fighting
 39323 | Elf:1    | Entered Level 1 of the Elven Halls
 40213 | Elf:1    | Received a gift from Okawaru
 42490 | Elf:2    | Reached skill level 15 in Shields
 42490 | Elf:2    | Reached XP level 18. HP: 110/122 MP: 25/25
 42573 | Elf:2    | Found Feysitoo's Book Shop.
 42616 | Elf:2    | Found a runed gate.
 42616 | Elf:2    | Found a runed gate.
 43052 | Lair:1   | Identified the +3 animal skin of the Sturgeon {rC++ Str+3
                  | Dex-3} (Okawaru gifted it to you on level 2 of the Snake
                  | Pit)
 43552 | D:15     | Found an iron altar of Okawaru.
 43702 | D:15     | Reached skill level 17 in Fighting
 43867 | D:15     | Found a staircase to the Depths.
 44073 | D:15     | Received a gift from Okawaru
 44747 | Snake:4  | Reached skill level 1 in Dodging
 46403 | Snake:4  | Received a gift from Okawaru
 46707 | Snake:4  | Got a serpentine rune of Zot
 47095 | Vaults:1 | Entered Level 1 of the Vaults
 47109 | Vaults:1 | Found Ceczisic's Assorted Antiques.
 47631 | Vaults:1 | Reached skill level 18 in Fighting
 47638 | Vaults:1 | Reached skill level 5 in Dodging
 47670 | D:14     | Reached XP level 19. HP: 84/130 MP: 22/26
 48057 | Vaults:1 | Received a gift from Okawaru
 48330 | Vaults:1 | Noticed a Brimstone Fiend
 48335 | Vaults:1 | Noticed a Brimstone Fiend
 49351 | Vaults:1 | Found Yfui's Antique Armour Shop.
 49394 | Vaults:1 | Bought a jet-studded plate armour for 868 gold pieces
 49404 | Vaults:1 | Identified the +14 plate armour of Idethana {Str+2} (You
                  | bought it in a shop on level 1 of the Vaults)
 50053 | Vaults:1 | Paralysed by a wizard for 5 turns
 50140 | Vaults:1 | Paralysed by a great orb of eyes for 5 turns
 50167 | Vaults:1 | Found Effiv's Magic Scroll Boutique.
 50175 | Vaults:1 | Bought a scroll of brand weapon for 320 gold pieces
 50224 | Vaults:1 | Cast into level 3 of the Abyss (a deep elf demonologist)
 50389 | Abyss:3  | Got an encrusted scale mail
 50454 | Vaults:1 | Escaped the Abyss
 50461 | Vaults:1 | Noticed an Ice Fiend
 50482 | Vaults:1 | Received a gift from Okawaru
 50522 | Vaults:1 | Identified the +6 scale mail "Fetetix" {rF++ Int+5 Slay+2}
                  | (You found it on level 3 of the Abyss)
 50799 | Vaults:1 | Noticed a Tzitzimitl
 50802 | Vaults:1 | Noticed a Tzitzimitl
 51071 | Vaults:1 | Reached skill level 19 in Fighting
 51249 | Vaults:2 | Noticed Xtahua
 51267 | Vaults:2 | Killed Xtahua
 51535 | Vaults:2 | Noticed Frederick
 51548 | Vaults:2 | Killed Frederick
 51936 | Vaults:2 | Reached XP level 20. HP: 121/139 MP: 24/27
 52059 | Vaults:2 | Noticed Jory
 52091 | Vaults:2 | Killed Jory
 52749 | Vaults:2 | Received a gift from Okawaru
 54207 | Vaults:3 | Received a gift from Okawaru
 54210 | Vaults:3 | Got a shimmering scale mail {god gift}
 54221 | Vaults:3 | Identified the +1 scale mail "Ceyjuig" {Regen+ Int+2 Dex+4}
                  | (Okawaru gifted it to you on level 3 of the Vaults)
 54285 | Vaults:3 | Reached skill level 20 in Fighting
 54661 | Vaults:3 | Noticed melvinkitnick's ghost (adept MiFi)
 54662 | Vaults:3 | Found a runed gate.
 54663 | Vaults:3 | Found a runed gate.
 54667 | Vaults:3 | Found a runed gate.
 54724 | Vaults:3 | Reached skill level 10 in Dodging
 55081 | Vaults:3 | Found a staircase to the Crypt.
 55122 | Vaults:3 | Noticed Margery
 55163 | Vaults:3 | Killed Margery
 55184 | Vaults:3 | Reached XP level 21. HP: 124/147 MP: 24/28
 55383 | Vaults:3 | Received a gift from Okawaru
 55384 | Vaults:3 | Found the +5 demon whip "Spellbinder" {antimagic, MR+}
 56145 | Vaults:4 | Found a runed gate.
 56145 | Vaults:4 | Found a runed gate.
 56145 | Vaults:4 | Found a runed gate.
 56145 | Vaults:4 | Found an opulent altar of Gozag.
 56145 | Vaults:4 | Noticed Woonno's ghost (legendary MfIE)
 56237 | Vaults:4 | Received a gift from Okawaru
 56268 | Vaults:4 | Reached skill level 21 in Fighting
 57260 | Vaults:4 | Received a gift from Okawaru
 58341 | D:15     | Upgraded the game from 0.23-a0-344-ge122d05 to
                  | 0.23-a0-350-g6fd5563
 58446 | Vaults:1 | Bought quicksilver dragon scales for 1860 gold pieces
 58806 | Shoals:1 | Entered Level 1 of the Shoals
 59642 | Shoals:1 | Received a gift from Okawaru
 59652 | Shoals:1 | Got an iridescent morningstar {god gift}
 59653 | Shoals:1 | Identified the +5 morningstar of Jefat {venom, +Rage rPois}
                  | (Okawaru gifted it to you on level 1 of the Shoals)
 60631 | Shoals:2 | Reached XP level 22. HP: 147/155 MP: 9/29
 63508 | Shoals:3 | Found Baicho's Magic Scroll Emporium.
 64182 | Shoals:3 | Reached skill level 22 in Fighting
 64399 | Shoals:3 | Received a gift from Okawaru
 64841 | Shoals:4 | Entered Level 4 of the Shoals
 65519 | Shoals:4 | Identified the +9 great mace of the Puffin {antimagic, rN+
                  | Str+6}
 65688 | Shoals:4 | Got a barnacled rune of Zot
 65905 | Shoals:4 | Identified the Handbook of Malediction and Unholy Rituals
 66361 | Shoals:4 | Got a twisted cloak
 66372 | Shoals:4 | Identified the +2 cloak of Immorality {Stlth+} (You found
                  | it on level 4 of the Shoals)
 67187 | Elf:2    | Found a runed gate.
 67379 | Elf:2    | Found a bloodstained altar of Trog.
 69240 | Elf:3    | Entered Level 3 of the Elven Halls
 69938 | Elf:3    | Reached XP level 23. HP: 164/164 MP: 24/30
 69956 | Elf:3    | Received a gift from Okawaru
 70360 | Elf:3    | Identified the +10 broad axe of the Invisible Yaks
                  | {antimagic, rElec rC+ Str+3}
 70360 | Elf:3    | Identified the ring of Kikubaaqudgha's Anger {Str+2 Int+4
                  | Dex+4}
 70385 | Elf:3    | Gained mutation: Your body sometimes deteriorates upon
                  | taking damage. [a neqoxec]
 71003 | Elf:3    | Identified the cursed +1 leather armour of Hangman {Dex+3}
 71021 | Elf:3    | Reached skill level 23 in Fighting
 71922 | Elf:3    | Got an iridescent hunting sling
 71923 | Elf:3    | Identified the cursed +1 hunting sling of Foolhardiness
                  | {freeze, Str+4} (You found it on level 3 of the Elven
                  | Halls)
 71940 | Elf:3    | Got a jewelled hand crossbow
 71941 | Elf:3    | Identified the +10 hand crossbow of the Magic Mushroom
                  | {elec, Str+3 SInv} (You found it on level 3 of the Elven
                  | Halls)
 72407 | Elf:3    | Found Mujauk's Merry Market.
 72618 | Elf:3    | Identified The Last Secrets of Hermeneutics
 72621 | Elf:3    | Identified the Volume of Dusty Contamination
 72666 | Elf:3    | Identified the Disquisition on Ensnaring Flames
 74042 | D:1      | Upgraded the game from 0.23-a0-350-g6fd5563 to
                  | 0.23-a0-356-g1757c6e
 74991 | Depths:1 | Entered Level 1 of the Depths
 75025 | Depths:1 | Reached skill level 1 in Crossbows
 75200 | Depths:1 | Identified a scroll of acquirement
 75203 | Depths:1 | Got a shimmering ruby amulet
 75205 | Depths:1 | Identified the amulet "Venloubb" {Reflect rF+ MP-9 Str+3
                  | SH+3} (You acquired it on level 1 of the Depths)
 75269 | Depths:1 | Reached skill level 5 in Crossbows
 75511 | Depths:1 | Received a gift from Okawaru
 75945 | Depths:1 | Paralysed by a floating eye for 3 turns
 75955 | Depths:1 | Received a gift from Okawaru
 75955 | Depths:1 | Paralysed by a floating eye for 3 turns
 75966 | Depths:1 | Paralysed by a floating eye for 4 turns
 75977 | Depths:1 | Paralysed by a floating eye for 4 turns
 76014 | Depths:1 | Got a pair of translucent boots {god gift}
 76020 | Depths:1 | Identified the +0 pair of boots of Death Resistance {rPois
                  | MP+9 Int+4} (Okawaru gifted it to you on level 1 of the
                  | Depths)
 76174 | Depths:1 | Reached XP level 24. HP: 163/171 MP: 30/30
 76348 | Depths:1 | Got a coiled amber ring
 76350 | Depths:1 | Identified the ring of the Harvest {Fire MR+++ Int+4} (You
                  | found it on level 1 of the Depths)
 76701 | Vaults:2 | Killed melvinkitnick's ghost
 76909 | Vaults:3 | Reached skill level 10 in Crossbows
 77031 | Vaults:3 | Got a wavering glass ring
 77038 | Vaults:3 | Identified the cursed ring "Goluqiv" {+Inv +Fly AC-2 Str-4}
                  | (You found it on level 3 of the Vaults)
 77981 | Depths:1 | Found a runed door.
 78048 | Depths:1 | Found a gateway to Hell.
 79068 | Depths:2 | Received a gift from Okawaru
 79165 | Depths:2 | Noticed Louise
 79473 | Depths:2 | Killed Louise
 79503 | Depths:2 | Found a one-way gate to the infinite horrors of the Abyss.
 79550 | Depths:2 | Received a gift from Okawaru
 79811 | Depths:2 | Found a one-way gate leading to the halls of Pandemonium.
 80249 | Depths:2 | Received a gift from Okawaru
 80306 | Depths:2 | Reached skill level 24 in Fighting
 80532 | Depths:2 | Received a gift from Okawaru
 80535 | Depths:2 | Got a spiked plate armour {god gift}
 80546 | Depths:2 | Identified the +10 plate armour "Subet" {rF++} (Okawaru
                  | gifted it to you on level 2 of the Depths)
 80599 | Depths:2 | Found an ancient bone altar of Kikubaaqudgha.
 81002 | Depths:2 | Found The Legendary Rero's Legendary Smithy.
 81024 | Depths:2 | Found Waitt's Slaves and Accessories.
 81071 | Depths:2 | Found Jack's Jerk-a-riffic Jerky.
 81234 | Depths:2 | Found Cithruoxt's Miraculous Elixirs.
 81587 | Depths:2 | Upgraded the game from 0.23-a0-356-g1757c6e to
                  | 0.23-a0-359-g9beedce
 81682 | Depths:2 | Reached XP level 25. HP: 167/179 MP: 30/30
 81714 | Depths:2 | Upgraded the game from 0.23-a0-359-g9beedce to
                  | 0.23-a0-373-g305c090
 81942 | Depths:3 | Noticed Asterion
 81977 | Depths:2 | Killed Asterion
 82198 | Depths:3 | Identified the +0 robe of True Grit {rC+ Dex+4}
 82694 | Depths:3 | Received a gift from Okawaru
 83099 | Depths:3 | Got a fine hand crossbow {god gift}
 83100 | Depths:3 | Identified the +3 hand crossbow "Noluss" {speed, rPois}
                  | (Okawaru gifted it to you on level 3 of the Depths)
 83236 | Depths:3 | Noticed a juggernaut
 83267 | Depths:3 | Killed a juggernaut
 83533 | Depths:2 | Upgraded the game from 0.23-a0-373-g305c090 to
                  | 0.23-a0-375-g66a18ee
 83540 | Depths:2 | Upgraded the game from 0.23-a0-375-g66a18ee to
                  | 0.23-a0-378-gd7a6ca6
 83706 | Depths:3 | Noticed Saint Roka
 83742 | Depths:2 | Paralysed by an orc sorcerer for 2 turns
 83792 | Depths:3 | Killed Saint Roka
 84008 | Depths:3 | Upgraded the game from 0.23-a0-378-gd7a6ca6 to
                  | 0.23-a0-386-g9c9d49f
 84114 | Depths:3 | Received a gift from Okawaru
 84897 | Depths:3 | Reached skill level 25 in Fighting
 86247 | Depths:4 | Paralysed by a great orb of eyes for 3 turns
 86505 | Depths:3 | Reached XP level 26. HP: 188/188 MP: 30/30
 86531 | Depths:3 | Received a gift from Okawaru
 86540 | Depths:3 | Got an ichor-stained arbalest {god gift}
 86546 | Depths:3 | Identified the +7 arbalest of Moderation {penet, *Drain
                  | *Slow rF+++ Str+3} (Okawaru gifted it to you on level 3 of
                  | the Depths)
 87112 | Depths:3 | Reached skill level 15 in Dodging
 87524 | Depths:4 | Found an opulent altar of Gozag.
 87612 | Depths:4 | Identified the +2 scale mail "Xoedgheergh" {rF+ rC+ Slay-4}
 88250 | Depths:4 | Reached skill level 1 in Spellcasting
 88517 | Depths:4 | Identified the Handbook of Flames
 88730 | Depths:4 | Received a gift from Okawaru
 89767 | Lair:6   | Received a gift from Okawaru
 89780 | Lair:6   | Got a heavily runed cloak {god gift}
 89791 | Lair:6   | Identified the +2 cloak "Ofangodo" {+Fly rN+ SInv} (Okawaru
                  | gifted it to you on level 6 of the Lair of Beasts)
 89881 | Slime:1  | Entered Level 1 of the Pits of Slime
 90247 | Slime:1  | Gained mutation: Your spells are a little easier to cast,
                  | but a little less powerful. [a shining eye]
 90249 | Slime:1  | Gained mutation: Your magical capacity is low. (-10% MP) [a
                  | shining eye]
 90250 | Slime:1  | Gained mutation: You are weak. (Str -2) [a shining eye]
 90251 | Slime:1  | Gained mutation: Your body often deteriorates upon taking
                  | damage. [a shining eye]
 90370 | Slime:1  | Gained mutation: You are occasionally teleported next to
                  | monsters. [a shining eye]
 90957 | Slime:1  | Splashed with acid

Vault maps used:
D:1:      dpeg_arrival_water_fire
D:2:      chequers_ecumenical_altar_simple, minmay_tall_x, uniq_jessica
D:3:      minivault_5, uniq_robin
D:4:      cheibrodos_thug_alley, uniq_ijyb
D:5:      first_ration, grunt_decor_mini_mirrors
D:6:      st_stairs_14, grunt_ministairs_5, uniq_eustachio
D:7:      minmay_temple_entry_overgrown, grunt_ogre_cave
D:8:      bloody_makhleb, basic_altar
D:9:      serial_shops, nicolae_shop_waterfront, special_room,
          hangedman_incinerator
D:10:     minmay_lair_entry_grove, orc_0_dummy
D:12:     ebering_ghost_rock_garden, uniq_snorg, uniq_maurice
D:14:     grunt_vaults_entry_tiered, serial_shops, nicolae_shop_waterfront
D:15:     hangedman_depths_entry_civil_slaughter, hangedman_feature_mirror,
          nicolae_lava_and_water
Temple:   kilobyte_greek_temple
Lair:1:   cheibrodos_lair_caveside_slide, uniq_gastronok, uniq_urug
Lair:2:   enter_volcano_4
Lair:3:   minmay_snake_entry_guardpost_small, minivault_24, beast_lair_carwin_1,
          serial_bayou_shore_b, uniq_fannar
Lair:4:   minmay_shoals_entry_lonely_mermaid, infiniplex_staircase_pool
Lair:5:   minmay_lair_oklob_chamber, uniq_sonja
Lair:6:   evilmike_catoblepas_cave, slime_altar_2, grunt_megastairs_2,
          uniq_nessos
Shoals:2: cheibrodos_shoals_oceanic_diplomacy
Shoals:3: serial_shops, nicolae_shop_stone
Shoals:4: shoals_end_simple, nicolae_shoals_loop_pool
Snake:1:  lemuel_fruit_tree
Snake:2:  minmay_snake_river
Snake:3:  hangedman_venom_bottle
Snake:4:  johnstein_snake_rune_scales, basic_altar, serial_bayou_pond_d,
          grunt_ministairs_8
Slime:1:  cheibrodos_slime_lost_civilization_6
Orc:1:    ebering_ghost_gozag, mines1_david
Orc:2:    st_orc_mages, uniq_josephine
Elf:1:    minmay_elf_arrival_summoners, minmay_elf_crystal_heptagon
Elf:2:    serial_shops, shop, hangedman_elf_targetted_burst,
          evilmike_spriggan_trog_shrine
Elf:3:    grunt_elf_hall_branching, small_chamber_with_monster,
          nicolae_alphabet_shops
Vaults:1: nicolae_vaults_arrows, nicolae_vaults_specimen_jars, v_misc_13,
          nicolae_vaults_big_ls, v_rooms_4, nicolae_vaults_theta, v_misc_33,
          vaults_mumra_minichess_inversion, vaults_room_grunt_arrival_ludios,
          vaults_room_semicircle, serial_shops, shop_fountains,
          nicolae_shop_crystal, nicolae_shop_overgrown_old_shop
Vaults:2: vaults_mumra_hexcomb, ontoclasm_vaults_ring_large,
          vaults_standard_mumra_enter_the_diamond, ontoclasm_vaults_ring_small,
          grunt_vaults_diagonal, ontoclasm_vaults_loading_screen, v_misc_33,
          nicolae_vaults_big_angled_halls, ontoclasm_vaults_ring_small,
          uniq_frederick, uniq_xtahua, uniq_jory
Vaults:3: gammafunk_vaults_ghost_split, hangedman_vaults_river_flow, v_misc_2,
          minmay_crypt_entry_simple_walls, v_misc_31,
          nicolae_vaults_twisting_passages, nicolae_vaults_angled_halls,
          nicolae_vaults_circle_grid_b, v_alt_pattern_1, hangedman_vaults_maws,
          ontoclasm_vaults_ring_large, nicolae_vaults_holding_cells,
          grunt_vaults_funnel, vaults_room_semicircle, uniq_margery
Vaults:4: ebering_vaults_ghost_gozag, dpeg_vaults_monster_row,
          vaults_room_grunt_arrival_checkpoint,
          vaults_standard_mumra_enter_the_diamond, ontoclasm_vaults_ring_square,
          nicolae_vaults_good_morning_starshine, hangedman_vaults_impose,
          vaults_room_semicircle, vaults_room_semicircle,
          nicolae_vaults_triangles, dpeg_vaults_monster_box,
          grunt_vaults_hallway_short, vaults_room_semicircle,
          hangedman_vaults_stitches, mu_enter_wizlab_4
Depths:1: minmay_ornate_pinched, hell_entry, hangedman_decor_peaks_small,
          minmay_st_funbox, onia_ninara_cookie, kennysheep_random_hallway
Depths:2: grated_community_mu, nicolae_abyss_entry_one_way_or_another,
          rand_demon_pan_entry_8, hell_entry, infiniplex_staircase_pool_lava,
          serial_bayou_shore_a
Depths:3: grunt_x_marks_the_spot, hangedman_abyss_entry_splay,
          hangedman_tar_grid_catacomb, abandoned_shop, grunt_pan_entry_spiral,
          uniq_asterion, uniq_saint_roka
Depths:4: lemuel_castle_with_subvaults, minmay_misc_feat_four_crosses,
          rand_demon_pan_entry_7, hell_entry, abyss_entry,
          hangedman_decor_growths, argonaut_fire_from_heaven
Abyss:3:  evilmike_abyss_exit_17, hangedman_abyss_rune_flesh_and_stone

Skill      XL: |  1  2  3  4  5  6  7  8  9 10 11 12 13 14 15 16 17 18 19 20 21 22 23 24 25 26 |
---------------+-------------------------------------------------------------------------------+-----
Maces & Flails | 3 4 5 7 9 10 11 13 14 15 16 | 16.2
Fighting       | 4 5 6 7 8 9 10 11 12 13 15 16 18 19 20 21 22 23 24 25 | 25.8
Armour         | 4 5 6 7 8 9 10 11 12 13 15 16 17 18 19 20 21 22 | 22.1
Shields        | 4 5 6 7 8 9 10 11 12 13 14 15 16 17 18 | 18.3
Invocations    | 3 5 7 9 |  9.8
Stealth        | 3 |  3.0
Dodging        | 5 8 10 12 13 14 15 | 15.2
Crossbows      | 8 10 | 10.0
Spellcasting   | 2 |  2.9

Action                   |  1- 3 |  4- 6 |  7- 9 | 10-12 | 13-15 | 16-18 | 19-21 | 22-24 | 25-27 || total
-------------------------+-------+-------+-------+-------+-------+-------+-------+-------+-------++-------
Melee: Flail             |    56 |   223 |   399 |   647 |   526 |       |       |       |       ||  1851
       Mace              |       |       |       |       |   790 |   723 |       |       |       ||  1513
       Morningstar       |       |       |       |       |       |   658 |   410 |     8 |       ||  1076
       Eveningstar       |       |       |       |       |       |       |   225 |       |       ||   225
       Demon whip        |       |       |       |       |       |       |  1120 |  2216 |   861 ||  4197
 Fire: Hunting sling     |       |    26 |    75 |   306 |   542 |   512 |   101 |   316 |       ||  1878
       Hand crossbow     |       |       |       |       |       |       |       |   164 |   244 ||   408
Invok: Heroism           |       |       |     4 |     7 |    12 |       |       |     1 |       ||    24
       Finesse           |       |       |       |       |     1 |     1 |     4 |     3 |     2 ||    11
 Abil: Fly               |       |       |       |       |       |     1 |     1 |     3 |       ||     5
       Stop Flying       |       |       |       |       |       |     1 |       |     4 |       ||     5
Evoke: Wand              |       |       |       |     6 |     8 |    14 |       |     1 |     1 ||    30
  Use: Scroll            |       |     8 |     7 |     7 |     6 |    12 |     9 |    12 |     4 ||    65
       Potion            |       |     1 |       |       |     2 |       |     5 |     1 |     2 ||    11
 Stab: Paralysed         |       |       |       |       |     4 |       |       |       |       ||     4
       Sleeping          |       |       |       |       |       |       |       |     1 |       ||     1
  Eat: Chunk             |       |     6 |    14 |    40 |    45 |    31 |    13 |    28 |    15 ||   192
       Ration            |       |     1 |     1 |       |       |     8 |     9 |    11 |     4 ||    34
Armor: Scale mail        |    39 |    71 |       |       |       |       |       |       |       ||   110
       Pearl dragon scal |       |    61 |   178 |   340 |   845 |   803 |   641 |   312 |   371 ||  3551
       Skin              |       |     9 |       |       |       |       |       |       |       ||     9
       Quicksilver drago |       |       |       |       |       |       |    35 |   481 |    25 ||   541
Dodge: Dodged            |    12 |    66 |    98 |   190 |   467 |   419 |   567 |   730 |   288 ||  2837
       Deflected         |       |       |       |     2 |    23 |    98 |    28 |       |       ||   151
Block: Shield            |    23 |   133 |   197 |   388 |   870 |   963 |   927 |  1458 |   626 ||  5585
       Reflection        |       |       |       |       |       |       |       |    41 |    63 ||   104
       Other             |       |       |       |       |       |       |       |       |    13 ||    13

Table legend:
 A = Non-vault XP
 B = Vault XP
 C = Vault XP percentage of total XP
 D = Non-vault monster count
 E = Vault monster count
 F = Vault count percentage of total count
                 A         B        C        D         E       F
            +---------+---------+-------+---------+---------+-------
      Total |  607943 |  586723 |  49.1 |    1316 |     858 |  39.5
            +---------+---------+-------+---------+---------+-------
        D:1 |      16 |       0 |   0.0 |       8 |       0 |   0.0
        D:2 |      25 |      62 |  71.3 |      10 |      11 |  52.4
        D:3 |      79 |      27 |  25.5 |      13 |       7 |  35.0
        D:4 |     233 |     144 |  38.2 |      13 |      10 |  43.5
        D:5 |     545 |       0 |   0.0 |      22 |       0 |   0.0
        D:6 |     110 |      50 |  31.2 |       1 |       1 |  50.0
        D:7 |     293 |     121 |  29.2 |      16 |       1 |   5.9
        D:8 |     913 |       0 |   0.0 |      22 |       0 |   0.0
        D:9 |    3346 |    1240 |  27.0 |      29 |      26 |  47.3
       D:10 |    1813 |    1837 |  50.3 |      30 |      11 |  26.8
       D:11 |    3041 |       3 |   0.1 |      26 |       1 |   3.7
       D:12 |    5507 |    1598 |  22.5 |      30 |       2 |   6.2
       D:13 |    9486 |       0 |   0.0 |      39 |       0 |   0.0
       D:14 |   12382 |    9132 |  42.4 |      37 |      26 |  41.3
       D:15 |   11645 |    6750 |  36.7 |      31 |       9 |  22.5
     Lair:1 |    3741 |    3137 |  45.6 |      16 |       2 |  11.1
     Lair:2 |    4752 |       0 |   0.0 |      16 |       0 |   0.0
     Lair:3 |    4487 |    2300 |  33.9 |      18 |      10 |  35.7
     Lair:4 |    4989 |     419 |   7.7 |      20 |       1 |   4.8
     Lair:5 |   11646 |    1424 |  10.9 |      37 |       4 |   9.8
     Lair:6 |    5969 |   17728 |  74.8 |      13 |      29 |  69.0
   Shoals:1 |   11111 |       0 |   0.0 |      23 |       0 |   0.0
   Shoals:2 |   16808 |    5120 |  23.3 |      32 |      10 |  23.8
   Shoals:3 |   18549 |       0 |   0.0 |      33 |       0 |   0.0
   Shoals:4 |    6383 |   21471 |  77.1 |      16 |      38 |  70.4
    Snake:1 |   13933 |       0 |   0.0 |      31 |       0 |   0.0
    Snake:2 |   21160 |    4212 |  16.6 |      36 |      14 |  28.0
    Snake:3 |   15418 |    7460 |  32.6 |      31 |      25 |  44.6
    Snake:4 |   19897 |   44569 |  69.1 |      45 |      69 |  60.5
    Slime:1 |    9015 |       0 |   0.0 |       9 |       0 |   0.0
      Orc:1 |    2619 |       0 |   0.0 |      23 |       0 |   0.0
      Orc:2 |    5754 |    8744 |  60.3 |      47 |      48 |  50.5
      Elf:1 |   18377 |    6213 |  25.3 |      27 |      10 |  27.0
      Elf:2 |   16891 |   31571 |  65.1 |      25 |      39 |  60.9
      Elf:3 |   26480 |   45469 |  63.2 |      42 |      31 |  42.5
   Vaults:1 |   24726 |   44381 |  64.2 |      45 |      69 |  60.5
   Vaults:2 |   27034 |   29982 |  52.6 |      45 |      18 |  28.6
   Vaults:3 |   34361 |   48400 |  58.5 |      53 |      52 |  49.5
   Vaults:4 |   41902 |   38913 |  48.2 |      66 |      48 |  42.1
   Depths:1 |   41302 |   35533 |  46.2 |      53 |      33 |  38.4
   Depths:2 |   63387 |   63183 |  49.9 |      77 |      92 |  54.4
   Depths:3 |   56219 |   59872 |  51.6 |      62 |      56 |  47.5
   Depths:4 |   29489 |   43989 |  59.9 |      36 |      53 |  59.6
    Abyss:3 |    2110 |    1669 |  44.2 |      12 |       2 |  14.3
            +---------+---------+-------+---------+---------+-------
